 Dungeon Crawl Stone Soup version 0.26-a0-30-g56b8cd3df0 (webtiles) character file.

Game seed: 10751527777201869885, levelgen mode: deterministic

123 Lanoc the Charmwright (level 4, -3/34 HPs)
             Began as a Demonspawn Skald on May 31, 2020.
             Killed by divine providence
             ... invoked by an orc priest
              (15 damage)
             ... on level 3 of the Dungeon.
             The game lasted 00:04:03 (2640 turns).

Lanoc the Charmwright (Demonspawn Skald)            Turns: 2640, Time: 00:04:03

Health: -3/34      AC:  4    Str: 17    XL:     4   Next: 79%
Magic:  7/7        EV: 12    Int: 14    God:
Gold:   125        SH:  0    Dex: 14    Spells: 2/7 levels left

rFire    . . .     SeeInvis .   a - +0 hand axe
rCold    . . .     Gourm    .   (no shield)
rNeg     . . .     Faith    .   b - +0 leather armour
rPois    .         Spirit   .   f - +0 helmet
rElec    .         Reflect  .   (no cloak)
rCorr    .         Harm     .   (no gloves)
MR       .....                  (no boots)
Stlth    +.........             j - amulet of magic regeneration
HPRegen  0.11/turn              s - +6 ring of strength
MPRegen  0.35/turn              (no ring)

@: no status effects
A: talons 1, rot immunity
a: no special abilities


You were on level 3 of the Dungeon.
You were not hungry.

You visited 1 branch of the dungeon, and saw 3 of its levels.

You collected 125 gold pieces.

Inventory:

Hand Weapons
 a - a +0 hand axe (weapon)
 c - a +0 war axe
Armour
 b - a +0 leather armour (worn)
 f - a +0 helmet (worn)
Jewellery
 e - an uncursed amulet of guardian spirit
 j - an amulet of magic regeneration (around neck)
 s - a +6 ring of strength (left hand)
Scrolls
 g - 3 scrolls of teleportation {unknown}
 h - a scroll of magic mapping {unknown}
 l - a scroll of fog {unknown}
 m - 2 scrolls of enchant armour {unknown}
 n - 3 scrolls of identify {unknown}
 o - a scroll of random uselessness {unknown}
 q - a scroll of amnesia {unknown}
 r - a scroll of blinking {unknown}
Potions
 i - a potion of heal wounds
 k - a potion of berserk rage
Comestibles
 d - 5 rations
 p - a chunk of flesh


   Skills:
 + Level 2.7 Fighting
 * Level 3.0 Axes
 + Level 1.8 Armour
 + Level 2.3 Dodging
 - Level 2.0 Spellcasting
 + Level 3.1 Charms


You had 2 spell levels left.
You knew the following spells:

 Your Spells              Type           Power        Failure   Level  Hunger
a - Infusion              Chrm           ##..         8%          1    ##.....
b - Song of Slaying       Chrm           ##......     12%         2    ###....
c - Shroud of Golubria    Chrm/Tloc      #.....       22%         2    ###....

Your spell library contained the following spells:

 Spells                   Type           Power        Failure   Level  Hunger
 Magic Dart               Conj           #...         28%         1    ##.....
 Searing Ray              Conj           #.....       38%         2    ###....
 Ozocubu's Armour         Chrm/Ice       #.......     41%         3    ####...
 Spectral Weapon          Hex/Chrm       #.......     41%         3    ####...
 Confusing Touch          Hex            #.......     63%         3    ####...
 Dazzling Flash           Conj/Hex       #.....       63%         3    ####...
 Gell's Gravitas          Tloc           #.........   63%         3    ####...
 Fulminant Prism          Conj/Hex       #.........   95%         4    #####..
 Iskenderun's Mystic Bla  Conj/Tloc      #.......     95%         4    #####..
 Petrify                  Tmut/Erth      #.......     95%         4    #####..
 Metabolic Englaciation   Hex/Ice        #.........   100%        5    ######.
 Yara's Violent Unravell  Hex/Tmut       #.........   100%        5    ######.


Dungeon Overview and Level Annotations

Branches:
Dungeon (3/15)

Altars:
Dithmenos
Qazlal
Ru
Trog
Xom


Innate Abilities, Weirdness & Mutations

You have sharp toenails.
You are immune to rotting.


Message History

An orc comes into view. It is wielding a +0 trident.
The orc priest mumbles some strange prayers to Beogh against you.
Beogh smites you!
An orc comes into view. It is wielding a +0 mace.
The bat hits you but does no damage.
An orc comes into view. It is wielding a +0 dagger.
The orc priest calls down the wrath of Beogh upon you.
Beogh smites you!
You are too injured to fight recklessly!
You are too injured to fight recklessly!
You are too injured to fight recklessly!
The bat hits you but does no damage. The bat barely misses you.
The bat barely misses you. The bat hits you but does no damage.
The bat closely misses you. The bat closely misses you.
The orc priest calls down the wrath of Beogh upon you.
Beogh smites you!
You die...

#....PP.♣
#(...........
##..#P.♣.♣
############# #.##
♣♣ ### # ## #
###.#.# # .......##
#
.....o..###########
#
#....oo..o.b@....#
#
##....o#########.#
# #....## #.# #
...[... #.# #
.####.# #.# # ..
#.# ## ##. #.# #. #
#.# #. #.# #####. #
#[# .# #.# #.).).


You could see an orc priest, 3 orcs and a bat.

Vanquished Creatures
  Robin (D:3)
  2 adders (D:3)
  2 dart slugs
  3 leopard geckos
  5 orcs (D:3)
  3 ball pythons
  7 bats
  5 giant cockroaches
  18 goblins
  9 hobgoblins
  6 kobolds
  3 quokkas
  4 frilled lizards
  5 rats
73 creatures vanquished.

Notes
Turn   | Place    | Note
-------+----------+-------------------------------------------
     0 | D:1      | Lanoc the Demonspawn Skald began the quest for the Orb.
     0 | D:1      | Reached XP level 1. HP: 16/16 MP: 3/3
    12 | D:1      | Reached skill level 1 in Armour
   144 | D:1      | Gained mutation: You have sharp toenails. [demonic
                  | ancestry]
   144 | D:1      | Reached XP level 2. HP: 19/22 MP: 5/5
   833 | D:1      | Learned a level 2 spell: Song of Slaying
   862 | D:2      | Reached XP level 3. HP: 28/28 MP: 3/6
  1194 | D:2      | Found a stormy altar of Qazlal.
  1642 | D:3      | Found a shadowy altar of Dithmenos.
  1645 | D:3      | Found a shimmering altar of Xom.
  1646 | D:3      | Found a sacrificial altar of Ru.
  1646 | D:3      | Found a bloodstained altar of Trog.
  1769 | D:3      | Noticed Robin
  1785 | D:3      | Killed Robin
  1785 | D:3      | Gained mutation: You are immune to rotting. [demonic
                  | ancestry]
  1785 | D:3      | Reached XP level 4. HP: 28/34 MP: 2/7
  1823 | D:3      | HP: 1/34 [goblin/+0 dagger[Robin] (3)]
  2129 | D:3      | Learned a level 2 spell: Shroud of Golubria
  2640 | D:3      | Killed from afar by an orc priest

Illustrated notes

Levels and vault maps discovered:
D:1:      lightli_arrival_chessboard, layout_rooms
D:2:      layout_rooms, old_standard_altar, st_stairs_4,
          kennysheep_generic_room_5
D:3:      layout_loops_ring, grunt_temple_overflow_open, uniq_robin,
          uniq_crazy_yiuf_cottage

Skill      XL: |  1  2  3  4 |
---------------+-------------+-----
Armour         | 1 |  1.8
Axes           | 2 3 |  3.0
Dodging        | 2 |  2.3
Charms         | 3 |  3.1
Fighting       | |  2.7
Spellcasting   | |  2.0

Action                   |  1- 3 |  4- 6 || total
-------------------------+-------+-------++-------
Melee: Hand axe          |   126 |    47 ||   173
       Kick              |    19 |     8 ||    27
 Cast: Infusion          |     7 |     4 ||    11
       Shroud of Golubri |       |     2 ||     2
       Song of Slaying   |       |     1 ||     1
  Use: Potion            |     2 |     2 ||     4
 Stab: Sleeping          |     1 |       ||     1
  Eat: Chunk             |     3 |     3 ||     6
Armor: Leather armour    |    39 |    13 ||    52
       Skin              |     3 |     2 ||     5
Dodge: Dodged            |   102 |    35 ||   137

Table legend:
 A = Non-vault XP
 B = Vault XP
 C = Vault XP percentage of total XP
 D = Non-vault monster count
 E = Vault monster count
 F = Vault count percentage of total count
                 A         B        C        D         E       F
            +---------+---------+-------+---------+---------+-------
      Total |     128 |      48 |  27.3 |      54 |      19 |  26.0
            +---------+---------+-------+---------+---------+-------
        D:1 |      40 |       0 |   0.0 |      21 |       0 |   0.0
        D:2 |      22 |      10 |  31.2 |      12 |       6 |  33.3
        D:3 |      66 |      38 |  36.5 |      21 |      13 |  38.2
            +---------+---------+-------+---------+---------+-------
